Map: Triton LE

Players

Kopankiewicz (Blysk)

  • Race: Protoss Protoss
  • League: Bronze
  • Spawn Location: 11:00

Acampado (EnDerr) - Winner!

  • Race: Zerg Zerg
  • Spawn Location: 5:00

Event: SEA Games 2019

VOD

https://www.twitch.tv/videos/519454718?t=01h57m50s

Description

Time

  • Played on: Dec. 9, 2019, 10:08 p.m.
  • Length: 12:07

All games in this series

Show
View Real Time Build Order
Export as new Build Order

Kopankiewicz Protoss 

Build Orders: 1 Gate Expand, Archon Immortal 

Get SALT Encoding   

  12  0:00  Probe  
  13  0:12  Probe  
  14  0:20  Pylon  
  14  0:25  Probe  
  15  0:38  Probe (Chrono Boost)  
  15  0:42  Gateway  
  16  0:44  Assimilator  
  16  0:47  Probe (Chrono Boost)  
  17  0:52  Probe (Chrono Boost)  
  18  1:04  Probe  
  19  1:16  Probe  
  20  1:27  Nexus  
  20  1:28  Probe  
  21  1:36  Cybernetics Core  
  21  1:42  Assimilator  
  21  1:44  Probe  
  22  1:50  Pylon  
  22  1:56  Probe  
  23  2:08  Probe  
  24  2:09  Adept (Chrono Boost)  
  26  2:19  Stargate  
  26  2:21  Probe  
  27  2:27  Warp Gate  
  27  2:29  Adept (Chrono Boost)  
  27  2:33  Probe  
  30  2:39  Probe  
  31  2:45  Probe  
  32  2:51  Probe  
  32  2:52  Adept  
  32  2:57  Probe  
  36  3:02  Void Ray (Chrono Boost)  
  36  3:03  Probe  
  41  3:09  Probe  
  42  3:14  Pylon  
  42  3:15  Probe  
  43  3:21  Probe  
  44  3:27  Twilight Council, Probe  
  44  3:32  Gateway  
  45  3:35  Probe  
  45  3:39  Probe  
  47  3:47  Probe  
  48  3:52  Probe  
  48  3:53  Pylon  
  49  3:59  Resonating Glaives (Chrono Boost), Gateway  
  49  4:01  Gateway  
  49  4:03  Gateway  
  49  4:04  Gateway  
  49  4:12  Assimilator  
  49  4:17  Adept  
  51  4:18  Pylon  
  51  4:32  Adept  
  51  4:34  Probe x2  
  55  4:50  Adept, Robotics Facility  
  55  4:52  Pylon  
  57  4:53  Nexus  
  57  4:58  Adept x3  
  63  5:01  Adept  
  63  5:03  Sentry  
  67  5:10  Adept  
  69  5:19  Adept x2  
  69  5:20  Adept  
  69  5:21  Adept  
  77  5:23  Probe  
  77  5:24  Assimilator  
  78  5:42  Probe x2  
  78  5:47  Robotics Facility  
  72  5:54  Probe  
  72  5:56  Immortal (Chrono Boost)  
  65  5:57  Charge (Chrono Boost)  
  65  6:00  Probe  
  66  6:04  Pylon  
  66  6:06  Probe  
  63  6:12  Probe  
  63  6:16  Probe  
  63  6:18  Probe  
  63  6:20  Shield Battery  
  63  6:24  Probe  
  63  6:25  Zealot x2, Sentry x2  
  69  6:28  Probe  
  69  6:30  Probe  
  69  6:32  Immortal (Chrono Boost)  
  77  6:35  Zealot x2  
  77  6:37  Probe  
  76  6:44  Immortal (Chrono Boost)  
  73  6:57  Immortal (Chrono Boost)  
  77  7:01  Templar Archives  
  77  7:03  Gateway  
  75  7:15  Sentry  
  75  7:19  Pylon  
  75  7:21  Pylon  
  75  7:27  Warp Prism (Chrono Boost), Pylon  
  77  7:38  Pylon  
  77  7:40  Gateway x2, High Templar x2  
  77  7:42  Immortal (Chrono Boost)  
  85  7:46  Archon  
  85  7:50  Zealot x3  
  91  8:02  Zealot x2  
  95  8:11  Zealot  
  97  8:13  Zealot, High Templar x2  
  97  8:14  Zealot  
  97  8:17  Archon  
  105  8:29  Zealot x2, Pylon  
  105  8:31  Pylon  
  105  8:33  Shield Battery  
  109  8:34  Warp Prism (Chrono Boost)  
  109  8:36  Phoenix  
  99  8:54  Zealot x3  
  92  9:03  Stalker  
  92  9:09  Zealot  
  56  9:29  Probe x2  
  46  9:38  Phoenix (Chrono Boost)  
  46  9:49  High Templar  
  46  9:50  Zealot x2, High Templar  
  54  9:55  Phoenix  
  54  9:58  Archon  
  56  10:04  High Templar x2  
  56  10:05  Zealot x2  
  64  10:10  Archon  
  64  10:33  Phoenix (Chrono Boost)  
  66  10:38  Sentry  
  66  10:39  Probe, Nexus  
  66  10:40  Pylon  
  69  10:44  Probe  
  69  10:45  Pylon  
  69  10:48  Zealot  
  72  10:55  High Templar x2  
  74  10:59  Archon  
  65  11:11  Phoenix (Chrono Boost)  
  65  11:17  Shield Battery  
  67  11:35  Zealot x3, Sentry  
Show
View Real Time Build Order
Export as new Build Order

Acampado Zerg - Winner!

Build Orders: Hatch First 

Get SALT Encoding   

  12  0:00  Drone  
  13  0:14  Overlord  
  13  0:18  Drone  
  14  0:32  Drone x2  
  16  0:49  Hatchery  
  15  0:52  Drone  
  15  0:55  Drone  
  17  0:59  Drone  
  18  1:09  Extractor  
  17  1:15  Spawning Pool  
  16  1:19  Drone  
  16  1:22  Drone  
  19  1:32  Drone  
  19  1:42  Drone  
  20  1:52  Drone  
  21  2:02  Queen x2  
  21  2:07  Drone  
  21  2:08  Drone  
  27  2:11  Metabolic Boost  
  27  2:22  Hatchery  
  26  2:27  Overlord  
  26  2:31  Zergling x2  
  26  2:32  Zergling x2  
  28  2:46  Drone x2  
  28  2:47  Drone x3  
  33  2:53  Queen  
  33  2:57  Overlord  
  35  3:03  Drone  
  36  3:17  Zergling x4  
  36  3:18  Drone  
  36  3:19  Drone x5  
  44  3:28  Overlord  
  44  3:31  Overlord  
  44  3:35  Queen  
  44  3:37  Queen  
  48  3:42  Drone x2  
  49  3:50  Drone  
  49  3:51  Drone x3  
  49  3:52  Pneumatized Carapace  
  53  3:58  Drone x4  
  57  4:03  Overlord  
  57  4:05  Overlord  
  57  4:18  Roach Warren  
  57  4:19  Drone  
  57  4:23  Drone x2  
  59  4:25  Extractor, Drone x3  
  59  4:26  Extractor, Drone x3  
  62  4:32  Drone x3  
  62  4:37  Lair  
  65  4:39  Overlord  
  65  4:41  Zergling x2  
  65  4:42  Zergling x8  
  69  4:47  Drone  
  69  4:51  Drone x3  
  73  4:55  Overlord  
  73  4:58  Extractor  
  72  5:00  Overlord  
  72  5:01  Roach  
  76  5:07  Roach x2  
  76  5:10  Roach x2  
  76  5:12  Overlord x2  
  76  5:14  Overlord  
  81  5:20  Roach x4  
  87  5:23  Zergling x6  
  87  5:24  Zergling x2  
  91  5:29  Roach  
  91  5:33  Roach  
  91  5:34  Roach  
  90  5:37  Roach x3  
  94  5:44  Roach x2  
  94  5:45  Roach  
  94  5:49  Roach x3  
  99  5:52  Roach x2  
  99  5:54  Overlord  
  99  5:58  Roach x3  
  102  6:04  Roach x2  
  106  6:12  Drone x4  
  106  6:15  Roach  
  109  6:18  Glial Reconstitution  
  109  6:25  Zergling x6  
  110  6:26  Zergling x6  
  110  6:29  Zergling x4  
  115  6:36  Drone x2  
  115  6:37  Drone  
  115  6:38  Spire  
  117  6:43  Drone x2  
  117  6:44  Drone  
  117  6:46  Drone x3  
  122  6:50  Extractor  
  122  6:51  Extractor  
  120  6:55  Ravager x2, Overlord  
  120  7:05  Overlord  
  110  7:19  Queen  
  110  7:20  Queen  
  110  7:22  Overlord  
  112  7:23  Drone x3  
  112  7:24  Drone x2  
  116  7:49  Mutalisk x3  
  116  7:50  Mutalisk x6  
  134  7:56  Drone  
  134  7:57  Evolution Chamber  
  133  7:58  Zerg Flyer Weapons Level 1  
  133  8:03  Zergling x6  
  133  8:04  Zergling x8  
  140  8:07  Hatchery  
  140  8:11  Overlord  
  139  8:20  Overlord x3  
  139  8:31  Spine Crawler  
  139  8:32  Spine Crawler x2  
  139  8:33  Roach x2  
  139  8:34  Roach x2  
  144  8:35  Roach  
  144  8:40  Roach x2  
  144  8:41  Roach  
  152  8:45  Roach  
  152  8:46  Roach  
  152  8:47  Roach x4  
  159  8:52  Roach x3  
  141  9:03  Mutalisk  
  141  9:04  Mutalisk x2  
  121  9:12  Mutalisk x2  
  121  9:13  Mutalisk  
  112  9:20  Mutalisk  
  101  9:24  Mutalisk x2  
  96  9:32  Roach x2  
  98  9:39  Zergling x2  
  98  9:40  Zergling x6  
  98  9:41  Mutalisk  
  98  9:42  Zergling x2  
  105  9:49  Drone x3  
  108  9:57  Mutalisk, Zerg Melee Weapons Level 1  
  108  9:58  Mutalisk  
  108  9:59  Zergling x4  
  114  10:06  Queen  
  116  10:07  Zergling x6  
  116  10:08  Zergling x6  
  116  10:09  Overlord  
  116  10:12  Mutalisk x3  
  128  10:16  Overlord  
  128  10:20  Mutalisk  
  130  10:22  Drone  
  131  10:30  Extractor  
  131  10:31  Roach x4  
  131  10:34  Roach x4  
  131  10:35  Roach  
  148  10:38  Drone x2  
  148  10:40  Zergling x2  
  148  10:41  Zergling x2, Baneling Nest  
  151  10:45  Drone x3  
  153  10:58  Roach  
  151  11:07  Roach x4  
  159  11:11  Roach x4  
  159  11:12  Roach, Overlord  
  159  11:13  Ravager  
  159  11:14  Ravager x4  
  170  11:19  Zergling x12  
  170  11:24  Zergling x2  
  170  11:25  Zergling x4  
  179  11:29  Baneling  
  179  11:30  Baneling x9  
  178  11:43  Zergling x2  
  178  11:44  Roach  
  179  11:47  Roach x2  
  179  11:48  Roach x4  
Tags
 
Add a new tag
Caveats
  • Supply blocks, unpowered buildings, or Contaminate may cause inaccurate times.
  • Supply counts are checked every 10 seconds.